 Dungeon Crawl Stone Soup version 0.26.1-11-gd32895ea62 (webtiles) character file.

Game seed: 15648622850800109638

26457 phalm the Cruncher (level 13, -6/98 HPs)
             Began as a Gnoll Conjurer on May 18, 2021.
             Was the Champion of Cheibriados.
             Mangled by a boulder beetle (24 damage)
             ... on level 3 of the Lair of Beasts on May 19, 2021.
             The game lasted 00:38:41 (20905 turns).

phalm the Cruncher (Gnoll Conjurer)                Turns: 20905, Time: 00:38:42

Health: -6/98      AC:  5    Str: 25    XL:     13   Next: 26%
Magic:  4/26       EV: 27    Int: 48    God:    Cheibriados [******]
Gold:   699        SH: 12    Dex: 33    Spells: 4/31 levels left

rFire    + . .     SeeInvis +   a - +2 long sword (elec)
rCold    + . .     Faith    .   A - +3 buckler of Pathos {Will+}
rNeg     . . .     Spirit   .   j - +0 leather armour of the Leaf {Int+5 Dex+4}
rPois    .         Reflect  .   (no helmet)
rElec    .         Harm     .   G - scarf {rC+ rF+}
rCorr    +         Rampage  .   q - +0 pair of gloves
Will     +....                  O - -1 pair of boots "Imiuz" {rCorr Int+3} (curse)
Stlth    +++++.....             g - amulet of regeneration
HPRegen  0.66/turn              v - ring of see invisible
MPRegen  0.20/turn              E - +4 ring of evasion

@: studying Staves, very slow
A: distributed training, fangs 1, strong nose
a: Renounce Religion, Bend Time, Temporal Distortion, Slouch, Step From Time


You were on level 3 of the Lair of Beasts.
You worshipped Cheibriados.
Cheibriados was exalted by your worship.
You visited 3 branches of the dungeon, and saw 16 of its levels.
You also visited: Ossuary.

You collected 1251 gold pieces.
You spent 552 gold pieces at shops.


Innate Abilities, Weirdness & Mutations

Your experience applies equally to all skills.
You have very sharp teeth.
Your uncanny sense of smell can sniff out nearby items.


   Skills:
 + Level 8.1 Fighting
 + Level 8.1 Short Blades
 + Level 8.1 Long Blades
 + Level 8.1 Axes
 + Level 8.1 Maces & Flails
 + Level 8.1 Polearms
 + Level 10.5 Staves
 + Level 8.1 Slings
 + Level 8.1 Bows
 + Level 8.1 Crossbows
 + Level 8.1 Throwing
 + Level 8.1 Armour
 + Level 9.4 Dodging
 + Level 9.2 Stealth
 + Level 8.1 Shields
 + Level 8.1 Unarmed Combat
 + Level 9.6 Spellcasting
 + Level 9.8 Conjurations
 + Level 6.7 Hexes
 + Level 6.7 Summonings
 + Level 6.7 Necromancy
 + Level 6.7 Translocations
 + Level 6.7 Transmutations
 + Level 6.7 Fire Magic
 + Level 6.7 Ice Magic
 + Level 6.7 Air Magic
 + Level 6.7 Earth Magic
 + Level 6.7 Poison Magic
 + Level 8.9 Invocations
 + Level 8.1 Evocations


You had 4 spell levels left.
You knew the following spells:

 Your Spells              Type           Power        Failure   Level
b - Fireball              Conj/Fire      40%          1%          5
f - Fulminant Prism       Conj/Hex       40%          1%          4
l - Lee's Rapid Deconstr  Erth           36%          1%          5
m - Magic Dart            Conj           100%         1%          1
r - Inner Flame           Hex/Fire       73%          1%          3
s - Searing Ray           Conj           100%         1%          2
w - Stone Arrow           Conj/Erth      100%         1%          3
X - Iskenderun's Mystic   Conj/Tloc      80%          1%          4

Your spell library contained the following spells:

 Spells                   Type           Power        Failure   Level
 Foxfire                  Conj/Fire      100%         1%          1
 Sandblast                Erth           100%         1%          1
 Passwall                 Tmut/Erth      60%          1%          2
 Conjure Flame            Conj/Fire      80%          1%          3
 Dazzling Flash           Conj/Hex       100%         1%          3
 Petrify                  Tmut/Erth      73%          1%          4
 Sticky Flame             Conj/Fire      80%          1%          4

Inventory:

Hand Weapons
 a - a +2 long sword of electrocution (weapon)
   (You took it off an orc warrior on level 6 of the Dungeon)
Missiles
 P - 7 atropa-tipped darts
 U - 5 curare-tipped darts {=f}
Armour
 j - the +0 leather armour of the Leaf (worn) {Int+5 Dex+4}
   (You bought it in a shop on level 5 of the Dungeon)

   It affects your intelligence (+5).
   It affects your dexterity (+4).
 q - a +0 pair of gloves (worn)
   (You found it on level 3 of the Dungeon)
 A - the +3 buckler of Pathos (worn) {Will+}
   (You took it off a gnoll sergeant on level 3 of the Dungeon)

   It affects your willpower, your defense against some magical effects.
 G - a scarf of resistance (worn)
   (You bought it in a shop on level 5 of the Dungeon)
 O - the cursed -1 pair of boots "Imiuz" (worn) {rCorr Int+3}
   (You found it on level 9 of the Dungeon)

   It affects your intelligence (+3).
   It provides partial protection from all sources of acid and corrosion.
   It has a curse placed upon it.
Jewellery
 g - an amulet of regeneration (around neck)
   (You found it on level 8 of the Dungeon)
 v - a ring of see invisible (left hand)
   (You found it on level 6 of the Dungeon)
 E - a +4 ring of evasion (right hand)
   (You found it on level 2 of the Lair of Beasts)
Wands
 n - a wand of polymorph (17)
   (You found it on level 5 of the Dungeon)
 u - a wand of digging (5)
   (You took it off Edmund on level 4 of the Dungeon)
 y - a wand of flame (58)
   (You took it off a gnoll on level 3 of the Dungeon)
 I - a wand of acid (29)
   (You found it on level 4 of the Dungeon)
 J - a wand of paralysis (20)
   (You took it off an orc warrior on level 6 of the Dungeon)
 V - a wand of disintegration (8)
   (You found it on level 1 of the Lair of Beasts)
Scrolls
 f - 5 scrolls of remove curse {@r2}
 h - 2 scrolls of noise {!r}
 m - 5 scrolls of teleportation {@r4}
 o - 5 scrolls of fear
 x - 2 scrolls of fog
 T - a scroll of blinking {!r}
Potions
 e - 4 potions of attraction {!q}
 i - 4 potions of heal wounds {@q2}
 p - 2 potions of brilliance
 s - a potion of might
 B - 14 potions of curing {@q1}
 C - 2 potions of invisibility
 D - 4 potions of lignification {!q}
 M - 4 potions of flight {unknown}
Books
 l - a manual of Staves {!d}
   (You found it on level 3 of the Dungeon)
Miscellaneous
 d - a phantom mirror
   (You found it on level 2 of the Lair of Beasts)
 Q - a phial of floods
   (You found it on level 9 of the Dungeon)

Dungeon Overview and Level Annotations

Branches:
Dungeon (11/15)            Temple (1/1) D:6            Lair (4/6) D:8
 Spider (0/4) Lair:3      Ossuary (visited)
  Swamp: Lair:2-4    Shoals: Lair:2-4       Orc: D:9-12

Altars:
Ashenzari
Cheibriados
Elyvilon
Gozag
Hepliaklqana
Kikubaaqudgha
Nemelex Xobeh
Okawaru
Qazlal
Ru
Sif Muna
Uskayaw
Vehumet
Wu Jian
Xom
Yredelemnul
Zin
The Shining One

Shops:
D:5 [   D:9 *

Annotations:
D:8 3 runed translucent doors, Zeld's ghost, novice OpBr

#....########..#PP......
##...##P...###.#........
#...P.....P#..##.......
#.........###.#........
#....#....# #..#.......
#...####### #..[#.##...
#...#########..###.#.#.
###....#F##...#..........
#.......@B...............
##.......................
#.#......................
##.......................
##....PP.##......##..##.
#...#.##[##.......#..##.
##.........##......#...#.
#.#..##...........##.....
###..##....#......###....


You could see a boulder beetle and a cane toad.


Message History

Press: ? - help, Shift-Dir - straight line, f/p - boulder beetle
Aim: a boulder beetle (lightly wounded)
The fireball explodes!
The fireball engulfs the boulder beetle!
You hear an angry hiss.
You hear a loud, deep croak!
You hear a croak. 😎 MP[-5]
You lost 5 mp, and now have 19/26 mp.
Casting: Fireball (dangerous; 1% risk of failure)
Confirm with . or Enter, or press ? or * to list all spells.
Aiming: Lee's Rapid Deconstruction (dangerous; 1% risk of failure)
Press: ? - help, Dir - move target, p - boulder beetle A rock wall.
The wall shatters!
The blast of rock fragments hits the boulder beetle!!
The blast of rock fragments hits the fungus!!
The fungus begins to die.
You hear a croak.
You hear a loud, deep croak! 😎 MP[-5]
You lost 5 mp, and now have 14/26 mp.
Casting: Lee's Rapid Deconstruction (dangerous; 1% risk of failure)
Confirm with . or Enter, or press ? or * to list all spells.
Aiming: Lee's Rapid Deconstruction (dangerous; 1% risk of failure)
Press: ? - help, Dir - move target A rock wall.
The wall shatters!
The blast of rock fragments hits the fungus!!
The blast of rock fragments hits the boulder beetle but does no damage.
You hear a croak.
The boulder beetle hits you!!!
The boulder beetle stops rolling and uncurls.
A cane toad comes into view.
The cane toad gives a loud, deep croak! 😮 HP[-40] MP[-4]
You take 40 damage, and now have 58/98 hp.
MASSIVE DAMAGE!! (PAUSE)
You lost 4 mp, and now have 10/26 mp.
You hit the boulder beetle but do no damage.
The boulder beetle bites you!!
* * * LOW HITPOINT WARNING * * *
😨 HP[-21]
You take 21 damage, and now have 37/98 hp.
MASSIVE DAMAGE!! (PAUSE)
You hit the boulder beetle but do no damage.
A nearby fungus withers and dies.
The boulder beetle barely misses you. 😨 HP[+1]
You hit the boulder beetle but do no damage.
The boulder beetle bites you!!
* * * LOW HITPOINT WARNING * * *
😱 HP[-26]
You take 26 damage, and now have 12/98 hp.
MASSIVE DAMAGE!! (PAUSE)
Casting: Lee's Rapid Deconstruction (dangerous; 1% risk of failure)
Confirm with . or Enter, or press ? or * to list all spells.
You erupt in a blast of force!
The mystic blast hits the boulder beetle.
The boulder beetle is knocked back by the mystic blast. 😱 HP[+1] MP[-4]
You lost 4 mp, and now have 6/26 mp.
Casting: Iskenderun's Mystic Blast (safe; 1% risk of failure)
Confirm with . or Enter, or press ? or * to list all spells.
You erupt in a blast of force!
The mystic blast hits the cane toad but does no damage.
The mystic blast hits the boulder beetle!
A wyvern comes into view.
You block the boulder beetle's attack. 😱 HP[+1] MP[-3]
You lost 3 mp, and now have 3/26 mp.
Casting: Iskenderun's Mystic Blast (safe; 1% risk of failure)
Confirm with . or Enter, or press ? or * to list all spells.
You don't know that spell.
You feel much better. The cane toad barely misses you.
The boulder beetle completely misses you.
You riposte.
You hit the boulder beetle but do no damage.
Lightning courses through the boulder beetle! 😨 HP[+25]
You regained 25 hp, and now have 39/98 hp.
You block the cane toad's attack. The boulder beetle bites you!!
* * * LOW HITPOINT WARNING * * *
You climb upwards.
There is a stone staircase leading down here. 😱 HP[-19]
You take 19 damage, and now have 20/98 hp.
Okay, then.
Aiming: Corrosive Bolt
Press: ? - help, Shift-Dir - straight line, f - boulder beetle
Aim: a boulder beetle (almost dead, 0% to evade)
The bolt of acid hits the boulder beetle but does no damage.
The cane toad misses you. The boulder beetle bites you.
* * * LOW HITPOINT WARNING * * *
The cane toad misses you.
You riposte.
You hit the cane toad but do no damage. 😱 HP[-2]
You take 2 damage, and now have 18/98 hp.
Aiming: Corrosive Bolt
Press: ? - help, Shift-Dir - straight line, f/p - boulder beetle
Aim: a boulder beetle (almost dead, 0% to evade)
The bolt of acid hits the boulder beetle.
The boulder beetle is splashed with acid!
The cane toad barely misses you. The boulder beetle bites you!!
You die...

Skill      XL: |  1  2  3  4  5  6  7  8  9 10 11 12 13 |
---------------+----------------------------------------+-----
Spellcasting   | 5 6 7 8 9 |  9.6
Invocations    | 1 2 3 4 5 6 7 8 |  8.9
Fighting       | 1 2 3 4 5 6 7 8 |  8.1
Short Blades   | 1 2 3 4 5 6 7 8 |  8.1
Long Blades    | 1 2 3 4 5 6 7 8 |  8.1
Axes           | 1 2 3 4 5 6 7 8 |  8.1
Maces & Flails | 1 2 3 4 5 6 7 8 |  8.1
Polearms       | 1 2 3 4 5 6 7 8 |  8.1
Staves         | 1 2 3 5 7 8 10 | 10.5
Slings         | 1 2 3 4 5 6 7 8 |  8.1
Bows           | 1 2 3 4 5 6 7 8 |  8.1
Crossbows      | 1 2 3 4 5 6 7 8 |  8.1
Throwing       | 1 2 3 4 5 6 7 8 |  8.1
Armour         | 1 2 3 4 5 6 7 8 |  8.1
Shields        | 1 2 3 4 5 6 7 8 |  8.1
Unarmed Combat | 1 2 3 4 5 6 7 8 |  8.1
Evocations     | 1 2 3 4 5 6 7 8 |  8.1
Hexes          | 1 2 3 4 5 6 |  6.7
Summonings     | 1 2 3 4 5 6 |  6.7
Necromancy     | 1 2 3 4 5 6 |  6.7
Translocations | 1 2 3 4 5 6 |  6.7
Transmutations | 1 2 3 4 5 6 |  6.7
Fire Magic     | 1 2 3 4 5 6 |  6.7
Ice Magic      | 1 2 3 4 5 6 |  6.7
Air Magic      | 1 2 3 4 5 6 |  6.7
Earth Magic    | 1 2 3 4 5 6 |  6.7
Poison Magic   | 1 2 3 4 5 6 |  6.7
Dodging        | 5 6 7 8 9 |  9.4
Stealth        | 5 6 7 8 9 |  9.2
Conjurations   | 8 9 |  9.8

Action                   |  1- 3 |  4- 6 |  7- 9 | 10-12 | 13-15 || total
-------------------------+-------+-------+-------+-------+-------++-------
Melee: Mace              |       |     2 |     5 |       |       ||     7
       Bite              |       |       |     3 |    32 |     3 ||    38
       Long sword        |       |       |    31 |   140 |    25 ||   196
 Fire: Hunting sling     |       |       |       |     7 |       ||     7
 Cast: Magic Dart        |    65 |    65 |   231 |   359 |    31 ||   751
       Searing Ray       |     1 |     8 |    34 |    39 |     4 ||    86
       Fulminant Prism   |       |       |     1 |     7 |       ||     8
       Iskenderun's Myst |       |       |       |    10 |     4 ||    14
       Lee's Rapid Decon |       |       |       |    22 |     7 ||    29
       Stone Arrow       |       |       |       |    11 |       ||    11
       Inner Flame       |       |       |       |     8 |       ||     8
       Fireball          |       |       |       |     1 |     1 ||     2
Evoke: Wand              |       |       |     4 |     7 |     2 ||    13
       Phial of floods   |       |       |       |     1 |       ||     1
  Use: Scroll            |       |     3 |     7 |    12 |     1 ||    23
       Potion            |       |       |       |       |     1 ||     1
 Stab: Paralysed         |       |       |       |     4 |       ||     4
Armor: Robe              |     2 |     3 |     1 |       |       ||     6
       Leather armour    |       |       |     4 |    17 |     1 ||    22
Dodge: Dodged            |     1 |     4 |    39 |   159 |    26 ||   229
Block: Buckler           |       |     2 |    23 |   102 |    12 ||   139
       Rpst.: Long sword |       |       |     9 |    40 |     6 ||    55

Levels and vault maps discovered:
D:1:      matt_arrival_los_fun, layout_loops_ring
D:2:      layout_basic
D:3:      minmay_chambers_of_twos, layout_basic, nicolae_overflow_hidden_temple,
          gammafunk_ghost_gnarly_gnolls, uniq_terence, uniq_jessica
D:4:      layout_loops_corners, overflow_temple_1_default, old_standard_altar,
          uniq_natasha, uniq_edmund, uniq_duvessa, uniq_blork_the_orc
D:5:      layout_loops_ring, serial_shops, nicolae_shop_behind_doors,
          uniq_sigmund, uniq_grinder
D:6:      layout_gridville, minmay_temple_entry_proselytizer, enter_ossuary_1
D:7:      layout_loops_corners, minmay_misc_feat_four_crosses,
          serial_bayou_lake_a
D:8:      layout_cave_pools, lair_entry_dummy, ebering_ghost_rock_garden
D:9:      layout_gridville, general_overflow_altar, serial_shops, shop,
          st_stairs_12, chequers_serial_rivers_large_b, lemuel_flame_loot_1
D:10:     minmay_stone_box, layout_basic
D:11:     layout_cave_pools
Temple:   dpeg_five_rooms_temple
Lair:1:   layout_regular_city, amcnicky_mini_pool_medium, uniq_sonja, uniq_grum
Lair:2:   layout_regular_city, serial_forest, infiniplex_forest_straight_4,
          infiniplex_forest_split, infiniplex_forest_clump_cross,
          infiniplex_forest_lined_2, infiniplex_forest_clump_diagonal,
          infiniplex_forest_lined_1, infiniplex_forest_straight_2,
          infiniplex_forest_zigzag_1, infiniplex_forest_end_1
Lair:3:   layout_regular_city, spider_nest_entry_funnel_web
Lair:4:   gammafunk_indiana_jones, layout_layer_cave,
          minmay_shoals_entry_centaurs

Notes
Turn   | Place    | Note
-------+----------+-------------------------------------------
     0 | D:1      | phalm the Gnoll Conjurer began the quest for the Orb.
     0 | D:1      | Reached XP level 1. HP: 13/13 MP: 6/6
     0 | D:1      | magus.rc [v1.9.10]
   202 | D:1      | Reached XP level 2. HP: 20/20 MP: 3/7
   207 | D:1      | Learned a level 2 spell: Searing Ray
   682 | D:1      | Reached XP level 3. HP: 25/25 MP: 6/9
   988 | D:1      | Reached skill level 5 in Spellcasting
  1217 | D:2      | Reached skill level 1 in Invocations
  1577 | D:2      | Reached skill level 1 in Fighting
  1577 | D:2      | Reached skill level 1 in Short Blades
  1577 | D:2      | Reached skill level 1 in Long Blades
  1577 | D:2      | Reached skill level 1 in Axes
  1577 | D:2      | Reached skill level 1 in Maces & Flails
  1577 | D:2      | Reached skill level 1 in Polearms
  1577 | D:2      | Reached skill level 1 in Staves
  1577 | D:2      | Reached skill level 1 in Slings
  1577 | D:2      | Reached skill level 1 in Bows
  1577 | D:2      | Reached skill level 1 in Crossbows
  1577 | D:2      | Reached skill level 1 in Throwing
  1577 | D:2      | Reached skill level 1 in Armour
  1577 | D:2      | Reached skill level 1 in Shields
  1577 | D:2      | Reached skill level 1 in Unarmed Combat
  1577 | D:2      | Reached skill level 1 in Evocations
  1756 | D:2      | Reached XP level 4. HP: 32/32 MP: 9/11
  1762 | D:2      | Learned a level 4 spell: Iskenderun's Mystic Blast
  1953 | D:3      | Noticed Terence
  1959 | D:3      | Killed Terence
  2081 | D:3      | Reached skill level 1 in Hexes
  2081 | D:3      | Reached skill level 1 in Summonings
  2081 | D:3      | Reached skill level 1 in Necromancy
  2081 | D:3      | Reached skill level 1 in Translocations
  2081 | D:3      | Reached skill level 1 in Transmutations
  2081 | D:3      | Reached skill level 1 in Fire Magic
  2081 | D:3      | Reached skill level 1 in Ice Magic
  2081 | D:3      | Reached skill level 1 in Air Magic
  2081 | D:3      | Reached skill level 1 in Earth Magic
  2081 | D:3      | Reached skill level 1 in Poison Magic
  2225 | D:3      | Reached XP level 5. HP: 37/37 MP: 7/12
  2525 | D:3      | Found a shimmering altar of Xom.
  2762 | D:3      | Noticed Jessica
  2765 | D:3      | Killed Jessica
  2903 | D:3      | Found a transporter.
  2922 | D:3      | Identified the +2 ring mail of Giasocil {Dex+3}
  2922 | D:3      | Identified the +3 buckler of Pathos {Will+}
  2947 | D:3      | Found a transporter.
  2955 | D:3      | Noticed Zeld's ghost (amateur OpMo)
  3120 | D:3      | Noticed a sky beast
  3125 | D:3      | Killed a sky beast
  3126 | D:3      | Reached skill level 2 in Invocations
  3126 | D:3      | Reached XP level 6. HP: 35/44 MP: 7/14
  3294 | D:4      | Noticed Blork the orc
  3300 | D:4      | Killed Blork the orc
  3301 | D:4      | Reached skill level 2 in Fighting
  3301 | D:4      | Reached skill level 2 in Short Blades
  3301 | D:4      | Reached skill level 2 in Long Blades
  3301 | D:4      | Reached skill level 2 in Axes
  3301 | D:4      | Reached skill level 2 in Maces & Flails
  3301 | D:4      | Reached skill level 2 in Polearms
  3301 | D:4      | Reached skill level 2 in Staves
  3301 | D:4      | Reached skill level 2 in Slings
  3301 | D:4      | Reached skill level 2 in Bows
  3301 | D:4      | Reached skill level 2 in Crossbows
  3301 | D:4      | Reached skill level 2 in Throwing
  3301 | D:4      | Reached skill level 2 in Armour
  3301 | D:4      | Reached skill level 5 in Dodging
  3301 | D:4      | Reached skill level 2 in Shields
  3301 | D:4      | Reached skill level 2 in Unarmed Combat
  3301 | D:4      | Reached skill level 2 in Evocations
  3424 | D:4      | Found a radiant altar of Vehumet.
  3428 | D:4      | Noticed Edmund
  3435 | D:4      | Killed Edmund
  3436 | D:4      | Reached XP level 7. HP: 50/50 MP: 7/15
  3941 | D:4      | Noticed Natasha
  3942 | D:4      | Killed Natasha
  3943 | D:4      | Reached skill level 2 in Hexes
  3943 | D:4      | Reached skill level 2 in Summonings
  3943 | D:4      | Reached skill level 2 in Necromancy
  3943 | D:4      | Reached skill level 2 in Translocations
  3943 | D:4      | Reached skill level 2 in Transmutations
  3943 | D:4      | Reached skill level 2 in Fire Magic
  3943 | D:4      | Reached skill level 2 in Ice Magic
  3943 | D:4      | Reached skill level 2 in Air Magic
  3943 | D:4      | Reached skill level 2 in Earth Magic
  3943 | D:4      | Reached skill level 2 in Poison Magic
  4290 | D:4      | Noticed Duvessa
  4293 | D:4      | Noticed Dowan
  4300 | D:4      | Killed Duvessa
  4301 | D:4      | Reached skill level 5 in Stealth
  4301 | D:4      | Reached skill level 3 in Invocations
  4307 | D:4      | Killed Dowan
  4325 | D:4      | HP: 12/51 [poisoned by Duvessa]
  4333 | D:4      | HP: 12/51 [poisoned by Duvessa]
  4590 | D:4      | Reached XP level 8. HP: 56/57 MP: 10/16
  4626 | D:4      | Found an iron altar of Okawaru.
  4656 | D:4      | You pick up a book of Geomancy and begin reading...
  4656 | D:4      | You add the spells Sandblast, Passwall, Stone Arrow,
                  | Petrify and Lee's Rapid Deconstruction to your library.
  4705 | D:4      | Learned a level 4 spell: Fulminant Prism
  4867 | D:5      | Entered Level 5 of the Dungeon
  4952 | D:5      | Noticed Grinder
  4957 | D:5      | Killed Grinder
  4958 | D:5      | Reached skill level 3 in Fighting
  4958 | D:5      | Reached skill level 3 in Short Blades
  4958 | D:5      | Reached skill level 3 in Long Blades
  4958 | D:5      | Reached skill level 3 in Axes
  4958 | D:5      | Reached skill level 3 in Maces & Flails
  4958 | D:5      | Reached skill level 3 in Polearms
  4958 | D:5      | Reached skill level 3 in Staves
  4958 | D:5      | Reached skill level 3 in Slings
  4958 | D:5      | Reached skill level 3 in Bows
  4958 | D:5      | Reached skill level 3 in Crossbows
  4958 | D:5      | Reached skill level 3 in Throwing
  4958 | D:5      | Reached skill level 3 in Armour
  4958 | D:5      | Reached skill level 3 in Shields
  4958 | D:5      | Reached skill level 3 in Unarmed Combat
  4958 | D:5      | Reached skill level 6 in Spellcasting
  4958 | D:5      | Reached skill level 3 in Evocations
  4973 | D:5      | Noticed a yak
  4974 | D:5      | Noticed a yak
  4995 | D:5      | Killed a yak
  4996 | D:5      | Killed a yak
  4996 | D:5      | Noticed a yak
  5304 | D:5      | Found Ziocheni's Antique Armour Emporium.
  5307 | D:5      | Bought a distressingly furry leather armour for 161 gold
                  | pieces
  5317 | D:5      | Identified the +0 leather armour of the Leaf {Int+5 Dex+4}
                  | (You bought it in a shop on level 5 of the Dungeon)
  5364 | D:5      | Noticed Sigmund
  5369 | D:5      | Killed Sigmund
  5370 | D:5      | Reached skill level 3 in Hexes
  5370 | D:5      | Reached skill level 3 in Summonings
  5370 | D:5      | Reached skill level 3 in Necromancy
  5370 | D:5      | Reached skill level 3 in Translocations
  5370 | D:5      | Reached skill level 3 in Transmutations
  5370 | D:5      | Reached skill level 3 in Fire Magic
  5370 | D:5      | Reached skill level 3 in Ice Magic
  5370 | D:5      | Reached skill level 3 in Air Magic
  5370 | D:5      | Reached skill level 3 in Earth Magic
  5370 | D:5      | Reached skill level 3 in Poison Magic
  5370 | D:5      | Reached skill level 4 in Invocations
  5428 | D:5      | Reached skill level 6 in Dodging
  6012 | D:5      | Noticed a yak
  6012 | D:5      | Noticed a yak
  6028 | D:5      | Killed a yak
  6029 | D:5      | Reached XP level 9. HP: 65/65 MP: 9/18
  6030 | D:5      | Reached skill level 4 in Fighting
  6030 | D:5      | Reached skill level 4 in Short Blades
  6030 | D:5      | Reached skill level 4 in Long Blades
  6030 | D:5      | Reached skill level 4 in Axes
  6030 | D:5      | Reached skill level 4 in Maces & Flails
  6030 | D:5      | Reached skill level 4 in Polearms
  6030 | D:5      | Reached skill level 4 in Staves
  6030 | D:5      | Reached skill level 4 in Slings
  6030 | D:5      | Reached skill level 4 in Bows
  6030 | D:5      | Reached skill level 4 in Crossbows
  6030 | D:5      | Reached skill level 4 in Throwing
  6030 | D:5      | Reached skill level 4 in Armour
  6030 | D:5      | Reached skill level 4 in Shields
  6030 | D:5      | Reached skill level 4 in Unarmed Combat
  6030 | D:5      | Reached skill level 4 in Evocations
  6141 | D:4      | Noticed Natasha
  6147 | D:4      | Killed Natasha
  6524 | D:3      | Reached skill level 6 in Stealth
  6524 | D:3      | Reached skill level 8 in Conjurations
  6524 | D:3      | Killed Zeld's ghost
  6915 | D:4      | Noticed Natasha
  6923 | D:4      | Killed Natasha
  7166 | D:6      | Found a sand-covered staircase.
  7171 | D:6      | Found a staircase to the Ecumenical Temple.
  7179 | Ossuary  | Entered an ossuary
  7912 | Temple   | Entered the Ecumenical Temple
  8032 | Temple   | Became a worshipper of Cheibriados the Contemplative
  8197 | D:5      | Bought a runed scarf for 184 gold pieces
  8197 | D:5      | Bought a smoking ring mail for 207 gold pieces
  8212 | D:5      | Identified the cursed +1 ring mail of Lightning Storm
                  | {rElec} (You bought it in a shop on level 5 of the Dungeon)
  8371 | D:6      | Reached skill level 5 in Invocations
  8536 | D:6      | Reached skill level 5 in Staves
  8614 | D:6      | Reached skill level 7 in Spellcasting
  9111 | D:6      | Reached XP level 10. HP: 60/73 MP: 16/20
  9295 | D:6      | Reached skill level 4 in Hexes
  9295 | D:6      | Reached skill level 4 in Summonings
  9295 | D:6      | Reached skill level 4 in Necromancy
  9295 | D:6      | Reached skill level 4 in Translocations
  9295 | D:6      | Reached skill level 4 in Transmutations
  9295 | D:6      | Reached skill level 4 in Fire Magic
  9295 | D:6      | Reached skill level 4 in Ice Magic
  9295 | D:6      | Reached skill level 4 in Air Magic
  9295 | D:6      | Reached skill level 4 in Earth Magic
  9295 | D:6      | Reached skill level 4 in Poison Magic
  9482 | D:6      | Reached * piety under Cheibriados
  9745 | D:7      | Reached skill level 5 in Fighting
  9745 | D:7      | Reached skill level 5 in Short Blades
  9745 | D:7      | Reached skill level 5 in Long Blades
  9745 | D:7      | Reached skill level 5 in Axes
  9745 | D:7      | Reached skill level 5 in Maces & Flails
  9745 | D:7      | Reached skill level 5 in Polearms
  9745 | D:7      | Reached skill level 5 in Slings
  9745 | D:7      | Reached skill level 5 in Bows
  9745 | D:7      | Reached skill level 5 in Crossbows
  9745 | D:7      | Reached skill level 5 in Throwing
  9745 | D:7      | Reached skill level 5 in Armour
  9745 | D:7      | Reached skill level 5 in Shields
  9745 | D:7      | Reached skill level 5 in Unarmed Combat
  9745 | D:7      | Reached skill level 5 in Evocations
 10450 | D:7      | Reached ** piety under Cheibriados
 10452 | D:7      | Reached skill level 7 in Dodging
 10767 | D:7      | Reached skill level 6 in Staves
 11271 | D:8      | Found a runed translucent gate.
 11271 | D:8      | Found a runed translucent gate.
 11271 | D:8      | Found a runed translucent gate.
 11273 | D:8      | Noticed Zeld's ghost (novice OpBr)
 11546 | D:8      | Found a staircase to the Lair.
 11834 | D:9      | Reached *** piety under Cheibriados
 12064 | D:9      | Reached skill level 6 in Invocations
 12073 | D:9      | Reached skill level 7 in Stealth
 12184 | D:9      | Got a pair of warped boots
 12190 | D:9      | Identified the cursed -1 pair of boots "Imiuz" {rCorr
                  | Int+3} (You found it on level 9 of the Dungeon)
 12546 | D:9      | Found Usejaehu's Assorted Antiques.
 12558 | D:9      | Found a broken altar of Ashenzari.
 12787 | D:9      | Noticed a two-headed ogre
 12794 | D:9      | Killed a two-headed ogre
 12795 | D:9      | Reached skill level 7 in Staves
 12795 | D:9      | Reached XP level 11. HP: 71/81 MP: 3/22
 13124 | D:9      | Reached skill level 6 in Fighting
 13124 | D:9      | Reached skill level 6 in Short Blades
 13124 | D:9      | Reached skill level 6 in Long Blades
 13124 | D:9      | Reached skill level 6 in Axes
 13124 | D:9      | Reached skill level 6 in Maces & Flails
 13124 | D:9      | Reached skill level 6 in Polearms
 13124 | D:9      | Reached skill level 6 in Slings
 13124 | D:9      | Reached skill level 6 in Bows
 13124 | D:9      | Reached skill level 6 in Crossbows
 13124 | D:9      | Reached skill level 6 in Throwing
 13124 | D:9      | Reached skill level 6 in Armour
 13124 | D:9      | Reached skill level 6 in Shields
 13124 | D:9      | Reached skill level 6 in Unarmed Combat
 13124 | D:9      | Reached skill level 6 in Evocations
 13125 | D:9      | Reached skill level 5 in Hexes
 13125 | D:9      | Reached skill level 5 in Summonings
 13125 | D:9      | Reached skill level 5 in Necromancy
 13125 | D:9      | Reached skill level 5 in Translocations
 13125 | D:9      | Reached skill level 5 in Transmutations
 13125 | D:9      | Reached skill level 5 in Fire Magic
 13125 | D:9      | Reached skill level 5 in Ice Magic
 13125 | D:9      | Reached skill level 5 in Air Magic
 13125 | D:9      | Reached skill level 5 in Earth Magic
 13125 | D:9      | Reached skill level 5 in Poison Magic
 13929 | D:10     | Entered Level 10 of the Dungeon
 14175 | D:10     | Reached **** piety under Cheibriados
 14176 | D:10     | Reached skill level 8 in Spellcasting
 15264 | D:10     | magus.rc [v1.9.10]
 15581 | D:10     | Learned a level 5 spell: Lee's Rapid Deconstruction
 15585 | D:10     | Learned a level 3 spell: Stone Arrow
 15675 | D:11     | Noticed a white ugly thing
 15682 | D:11     | Killed a white ugly thing
 15965 | D:11     | Noticed a boulder beetle
 15980 | D:11     | Killed a boulder beetle
 15981 | D:11     | Reached skill level 8 in Staves
 15981 | D:11     | Reached skill level 8 in Dodging
 15981 | D:11     | Reached skill level 9 in Conjurations
 15981 | D:11     | Reached skill level 7 in Invocations
 16129 | D:11     | Reached ***** piety under Cheibriados
 16594 | Lair:1   | Entered Level 1 of the Lair of Beasts
 16684 | Lair:1   | Noticed a five-headed hydra
 16689 | Lair:1   | Killed a five-headed hydra
 16850 | Lair:1   | Reached skill level 8 in Stealth
 16996 | Lair:1   | Noticed Sonja
 17027 | Lair:1   | Killed Sonja
 17028 | Lair:1   | Reached XP level 12. HP: 89/89 MP: 18/24
 17135 | Lair:1   | HP: 20/89 [komodo dragon (28)]
 17269 | Lair:1   | You pick up a book of Flames and begin reading...
 17269 | Lair:1   | You add the spells Foxfire, Conjure Flame, Inner Flame,
                  | Sticky Flame and Fireball to your library.
 17276 | Lair:1   | Learned a level 5 spell: Fireball
 17280 | Lair:1   | Learned a level 3 spell: Inner Flame
 17439 | Lair:1   | Reached skill level 7 in Fighting
 17439 | Lair:1   | Reached skill level 7 in Short Blades
 17439 | Lair:1   | Reached skill level 7 in Long Blades
 17439 | Lair:1   | Reached skill level 7 in Axes
 17439 | Lair:1   | Reached skill level 7 in Maces & Flails
 17439 | Lair:1   | Reached skill level 7 in Polearms
 17439 | Lair:1   | Reached skill level 7 in Slings
 17439 | Lair:1   | Reached skill level 7 in Bows
 17439 | Lair:1   | Reached skill level 7 in Crossbows
 17439 | Lair:1   | Reached skill level 7 in Throwing
 17439 | Lair:1   | Reached skill level 7 in Armour
 17439 | Lair:1   | Reached skill level 7 in Shields
 17439 | Lair:1   | Reached skill level 7 in Unarmed Combat
 17439 | Lair:1   | Reached skill level 7 in Evocations
 17589 | Lair:1   | Reached skill level 9 in Staves
 17801 | Lair:1   | Noticed Grum
 17806 | Lair:1   | Killed Grum
 18153 | Lair:2   | Noticed a death yak
 18153 | Lair:2   | Noticed a death yak
 18154 | Lair:2   | Noticed a death yak
 18155 | Lair:2   | Noticed a death yak
 18155 | Lair:2   | Noticed a death yak
 18156 | Lair:2   | Noticed a death yak
 18164 | Lair:2   | Killed a death yak
 18164 | Lair:2   | Killed a death yak
 18167 | Lair:2   | Killed a death yak
 18167 | Lair:2   | Killed a death yak
 18167 | Lair:2   | Killed a death yak
 18168 | Lair:2   | Reached skill level 9 in Spellcasting
 18168 | Lair:2   | Reached skill level 6 in Hexes
 18168 | Lair:2   | Reached skill level 6 in Summonings
 18168 | Lair:2   | Reached skill level 6 in Necromancy
 18168 | Lair:2   | Reached skill level 6 in Translocations
 18168 | Lair:2   | Reached skill level 6 in Transmutations
 18168 | Lair:2   | Reached skill level 6 in Fire Magic
 18168 | Lair:2   | Reached skill level 6 in Ice Magic
 18168 | Lair:2   | Reached skill level 6 in Air Magic
 18168 | Lair:2   | Reached skill level 6 in Earth Magic
 18168 | Lair:2   | Reached skill level 6 in Poison Magic
 18168 | Lair:2   | Reached skill level 8 in Invocations
 18168 | Lair:2   | Killed a death yak
 19337 | Lair:3   | Reached skill level 9 in Dodging
 19490 | Lair:3   | Reached skill level 10 in Staves
 19692 | Lair:3   | Noticed a five-headed hydra
 19697 | Lair:3   | Killed a five-headed hydra
 19807 | Lair:3   | Reached skill level 9 in Stealth
 19807 | Lair:3   | Reached XP level 13. HP: 98/98 MP: 3/26
 20129 | Lair:3   | Reached skill level 8 in Fighting
 20129 | Lair:3   | Reached skill level 8 in Short Blades
 20129 | Lair:3   | Reached skill level 8 in Long Blades
 20129 | Lair:3   | Reached skill level 8 in Axes
 20129 | Lair:3   | Reached skill level 8 in Maces & Flails
 20129 | Lair:3   | Reached skill level 8 in Polearms
 20129 | Lair:3   | Reached skill level 8 in Slings
 20129 | Lair:3   | Reached skill level 8 in Bows
 20129 | Lair:3   | Reached skill level 8 in Crossbows
 20129 | Lair:3   | Reached skill level 8 in Throwing
 20129 | Lair:3   | Reached skill level 8 in Armour
 20129 | Lair:3   | Reached skill level 8 in Shields
 20129 | Lair:3   | Reached skill level 8 in Unarmed Combat
 20129 | Lair:3   | Reached skill level 8 in Evocations
 20134 | Lair:3   | Reached ****** piety under Cheibriados
 20400 | Lair:3   | Found a hole to the Spider Nest.
 20898 | Lair:4   | HP: 12/98 [boulder beetle (26)]
 20904 | Lair:3   | HP: 18/98 [boulder beetle (3)]
 20905 | Lair:3   | Mangled by a boulder beetle

Vanquished Creatures
  A boulder beetle (D:11)
  3 hydras
  A two-headed ogre (D:9)
  6 death yaks (Lair:2)
  Sonja (Lair:1)
  An ugly thing (D:11)
  2 wolf spiders (Lair:3)
  2 black mambas (Lair:1)
  3 cane toads
  A torpor snail (Lair:3)
  3 rime drakes
  6 komodo dragons
  2 jumping spiders (Lair:3)
  A troll (D:10)
  Grinder (D:5)
  6 blink frogs
  3 wyverns
  A redback (Lair:3)
  Sigmund (D:5)
  A wraith (D:11)
  25 yaks
  Grum (Lair:1)
  The ghost of Zeld the Skirmisher, an amateur OpMo (D:3)
  Edmund (D:4)
  4 water moccasins
  An acid dragon (D:11)
  Duvessa (D:4)
  A phantom (D:11)
  An ice beast (D:9)
  A black bear (D:7)
  3 sky beasts
  6 orc warriors
  6 ogres
  10 wolves
  A centaur (D:10)
  Blork the orc (D:4)
  9 bullfrogs
  A gnoll sergeant (D:3)
  Dowan (D:4)
  3 scorpions
  6 killer bees (D:7)
  4 wights (D:6)
  5 howler monkeys
  12 electric eels
  2 quasits
  5 hounds
  10 orc priests
  An iguana (D:5)
  A jelly (D:8)
  10 orc wizards
  A gnoll shaman (D:3)
  Jessica (D:3)
  2 bullfrog skeletons
  Terence (D:3)
  Natasha (thrice) (D:4)
  6 worker ants
  A hound zombie (D:10)
  A hound skeleton (D:4)
  8 mummies (Ossuary)
  2 worker ant zombies
  10 adders
  6 gnolls (D:3)
  3 shadow imps
  4 white imps
  An ooze (D:1)
  An adder skeleton (D:9)
  2 worms (D:2)
  3 dart slugs
  2 leopard geckos
  43 orcs
  7 bats
  7 giant cockroaches
  2 gnoll zombies (Ossuary)
  12 goblins
  2 hobgoblins (D:3)
  21 jackals
  4 kobolds
  6 quokkas
  A ball python (D:5)
  4 frilled lizards
  A giant cockroach zombie (D:5)
  3 hobgoblin zombies (Ossuary)
  A jackal zombie (D:5)
  A kobold zombie (Ossuary)
  2 orc zombies (Ossuary)
  A quokka skeleton (D:5)
  5 rats
361 creatures vanquished.

Vanquished Creatures (others)
  A worker ant (D:9)
  A killer bee zombie (D:9)
  8 fulminant prisms
  10 fungi
  31 plants
51 creatures vanquished.

Grand Total: 412 creatures vanquished

Table legend:
 A = Non-vault XP
 B = Vault XP
 C = Vault XP percentage of total XP
 D = Non-vault monster count
 E = Vault monster count
 F = Vault count percentage of total count
                 A         B        C        D         E       F
            +---------+---------+-------+---------+---------+-------
      Total |   31910 |    5886 |  15.6 |     304 |      57 |  15.8
            +---------+---------+-------+---------+---------+-------
        D:1 |      38 |       0 |   0.0 |      17 |       0 |   0.0
        D:2 |      46 |       0 |   0.0 |      18 |       0 |   0.0
        D:3 |      86 |     605 |  87.6 |      20 |      19 |  48.7
        D:4 |     381 |     506 |  57.0 |      13 |       5 |  27.8
        D:5 |    1235 |     503 |  28.9 |      28 |       2 |   6.7
        D:6 |    1202 |      41 |   3.3 |      35 |       1 |   2.8
        D:7 |    1437 |       0 |   0.0 |      27 |       0 |   0.0
        D:8 |     715 |       0 |   0.0 |      15 |       0 |   0.0
        D:9 |    3883 |      40 |   1.0 |      33 |       1 |   2.9
       D:10 |    1669 |       0 |   0.0 |      30 |       0 |   0.0
       D:11 |    2458 |       0 |   0.0 |      16 |       0 |   0.0
     Lair:1 |    3786 |    2097 |  35.6 |      10 |       8 |  44.4
     Lair:2 |    6879 |       0 |   0.0 |      17 |       0 |   0.0
     Lair:3 |    8095 |    1937 |  19.3 |      25 |       5 |  16.7
    Ossuary |       0 |     157 | 100.0 |       0 |      16 | 100.0
            +---------+---------+-------+---------+---------+-------

Illustrated notes

Table legend:
 A = Kills in this place as a percentage of kills in entire the game.
 B = Kills by you in this place as a percentage of kills by you in the entire game.
 C = Kills by friends in this place as a percentage of kills by friends in the entire game.
 D = Other kills in this place as a percentage of other kills in the entire game.
 E = Experience gained in this place as a percentage of experience gained in the entire game.
 F = Experience gained in this place divided by the number of levels of this place that you have seen.
                   A       B       C       D       E      F
               +-------+-------+-------+-------+-------+----------------------
         Total | 100.0 | 100.0 |   N/A |   N/A | 100.0 | 2223.3
       Dungeon |  77.6 |  77.6 |   N/A |   N/A |  39.3 | 1349.5
          Lair |  18.0 |  18.0 |   N/A |   N/A |  60.3 | 5698.5
       Ossuary |   4.4 |   4.4 |   N/A |   N/A |   0.4 | 157.0
               +-------+-------+-------+-------+-------+----------------------

Table legend: (Time is in decaauts)
 A = Elapsed time spent in this place.
 B = Non-inter-level travel time spent in this place.
 C = Inter-level travel time spent in this place.
 D = Time resting spent in this place.
 E = Time spent auto-exploring this place.
 F = Levels seen in this place.
 G = Mean time per level.
                   A        B        C        D        E       F      G
               +--------+--------+--------+--------+--------+-----+--------+
         Total |  25545 |  24006 |   1539 |    387 |  21202 |  17 | 1502.6 |
       Dungeon |  18315 |  17091 |   1224 |    387 |  14857 |  11 | 1665.0 |
        Temple |    215 |    120 |     95 |      0 |    113 |   1 |  215.0 |
          Lair |   6289 |   6071 |    218 |      0 |   5639 |   4 | 1572.2 |
       Ossuary |    723 |    723 |      0 |      0 |    592 |   1 |  723.0 |
               +--------+--------+--------+--------+--------+-----+--------+

Top non-repeatable levels by time:
     D:9: 2780 daAuts
    D:10: 2414 daAuts
  Lair:1: 2142 daAuts
     D:3: 2120 daAuts
  Lair:3: 2103 daAuts
  Lair:2: 2030 daAuts
     D:7: 1990 daAuts
     D:4: 1822 daAuts
     D:6: 1796 daAuts
    D:11: 1292 daAuts
     D:5: 1249 daAuts
     D:1: 1035 daAuts
     D:8: 952 daAuts
     D:2: 861 daAuts
 Ossuary: 723 daAuts
